Description

tldr: reaper FE, 6 hellion 1 viking, 3/1/1 into 5/1/1, 2 base marine tank all-in

Relatively simple TvZ build order for Platinum and Diamond players looking to learn how to play Terran Bio. Recommended for players that are race switching or only have a limited repertoire of openings, such as ViBE's B2GM Mech build.

This build opens similarly to professional TvZ. We go for a Barracks first Reaper FE with an SCV scout after Barracks (20 supply). We then transition into 1/1/1 with Reactor Hellion. The first Starport unit is a Viking. The build then transitions into 3 Barracks.

After getting to the 3/1/1 setup, we finish saturating our two bases with up to 46 SCVs (Note: with good macro, this number is reachable by 5:30). After that point, we stop building workers and we have two choices in transition. We can either take a third CC or add two extra Barracks and go all-in with 5/1/1. I would recommend for newer players to use the 5/1/1 variation at first. This will allow you to practice Marine Tank engagements and have games that end more quickly, so you can pra tice more.

For any questions or feedback on Pfoe's build order series, visit the #terran-discussion channel in the SC2Swarm Discord here: https://discord.com/invite/bbPrHrB

BONUS: On July 4, 2021, Dream used a variation of this build on Oxide against Reynor in the DreamHack Season Finals. Dream opens the same way, but goes up to 5 Barracks with no add-ons on the 4th and 5th - 7 Marine production at a time. Additionally, Dream stops Medivac production at 4 and produces Liberators after that. VOD: https://www.youtube.com/watch?v=hPtBNpAExHQ&t=2320s

Replay - Pfoe TvZ

Build Order

Get SALT Encoding   

  12  0:00  SCV  
  13  0:12  SCV  
  14  0:17  Supply Depot  
  14  0:24  SCV  
  15  0:39  SCV, Barracks  
  16  0:43  Refinery  
  16  0:51  SCV  
  17  1:03  SCV  
  18  1:15  SCV  
  19  1:26  Reaper  
  19  1:27  Orbital Command  
  20  1:39  Command Center  
  20  1:47  Supply Depot  
  20  1:53  SCV  
  21  1:58  Marine  
  22  2:05  SCV  
  22  2:07  Factory  
  23  2:14  Refinery  
  23  2:17  SCV  
  23  2:19  Barracks Reactor  
  26  2:50  Orbital Command  
  26  2:52  Starport  
  27  2:59  Hellion x2  
  27  3:04  Marine  
  33  3:14  Supply Depot  
  35  3:21  Hellion x2  
  39  3:27  Barracks Tech Lab  
  39  3:31  Viking  
  43  3:39  Supply Depot  
  44  3:48  Hellion x2  
  49  3:49  Stimpack  
  51  4:02  Engineering Bay  
  51  4:05  Supply Depot  
  53  4:15  Barracks x2  
  53  4:18  Factory Tech Lab  
  53  4:19  Starport Reactor  
  55  4:27  Terran Infantry Weapons Level 1  
  55  4:30  Marine  
  57  4:33  Refinery  
  57  4:38  Siege Tank  
  62  4:48  Marine  
  65  5:01  Refinery  
  65  5:02  Starport Reactor  
  67  5:07  Marine x5  
  67  5:10  Siege Tank  
  76  5:16  Barracks x2  
  76  5:28  Marine  
  76  5:29  Combat Shield  
  81  5:39  Medivac x2  
  85  5:44  Siege Tank  
  93  6:05  Barracks Reactor x2  
  98  6:22  Siege Tank  
  98  6:23  Medivac x2  
  121  7:01  Siege Tank, Medivac x2  
Spawning Tool Build Advisor. Get it on Overwolf

Analysis

-SCV scout using the SCV that completed the Barracks. When you arrive at the Zerg natural, you are looking for the timing. A proper Zerg Hatch first opening will have that Hatchery complete at 2:00, which is around the time your SCV arrives. If it appears that the Hatchery is more than 15 seconds late (you can tell by how much HP it has), then we must prepare for a possible Pool first cheese. (Anti-cheese guide not included here)

-We build 6 Hellions here, which can be used for map control and scouting. In particular, you will need to adjust if they are doing a fast Roach rush (3 Bunkers, Siege Tank recommended).

-After swapping for Reactor Factory, build one additional Marine so you can have two Marines total. This is to appear scary against Overlords. Afterwards, you don't need to make more Marines for another minute or so. Just build a Tech Lab and start Stimpack on it once it's ready, no more Marines needed.

-With our Viking, the objective is to kill Overlords near our base. This, alongside our two Marines, will make it difficult for Zerg to scout with Overlords. This adds confusion for them, they may not realize we are committing on two bases.

-After our 6 Hellions and Viking are complete, we add two more Barracks. The first of the two will be built on the Factory's Reactor, while the Factory flies off to build a Tech Lab. The second of the two can be built beside the Starport, while the Starport builds a Reactor which will be swapped once the Barracks is done. Finally, the Starport will build another Reactor as it prepares for double Medivac production.

-Once our first two Medivacs are ready, we will do an F2 move out with our entire army. Save scans at this point to clear creep, if applicable. If timed correctly, we should hit at around 6:45 with 3 Siege Tanks, 2 Medivacs, and many Marines, with 9 Marines in production at once from 5 Barracks. I recommend doing a rally push by pressing F2 repeatedly here.

Go to:

Details

  • Created by: Pfoe
  • Published on: Oct 14, 2020
  • Modified on: Jul 08, 2021
  • Patch: 4.11.0
  • Difficulty: Medium
Show
View Real Time Build Order
Export as new Build Order

Comments (0)

There are no comments. Be the first!

Create an account to comment!